 Dungeon Crawl Stone Soup version 0.20-a0-984-ge8aa303 (webtiles) character file.

16216 Lochraine the Carver (level 12, -20/100 HPs)
             Began as a Hill Orc Monk on Apr 10, 2017.
             Was an Elder of Beogh.
             Killed from afar by an ice dragon (42 damage)
             ... with a blast of cold
             ... on level 4 of the Lair of Beasts.
             The game lasted 00:40:46 (12799 turns).

Lochraine the Carver (Hill Orc Monk)               Turns: 12799, Time: 00:40:47

Health: -20/100    AC: 25    Str: 18      XL:     12   Next: 35%
Magic:  0/18       EV:  8    Int:  9 (10) God:    Beogh [****..]
Gold:   654        SH:  0    Dex: 15      Spells: 11/11 levels left

rFire    x . .     SeeInvis .   k - +10 great sword of the Hand {flame, rN+ Dex+3}
rCold    . . .     Gourm    .   (shield currently unavailable)
rNeg     + . .     Faith    .   M - +1 plate armour
rPois    +         Spirit   +   T - +4 hat of the Mackerel {+Blink rElec rC- Dex-2}
rElec    +         Reflect  .   Q - +2 cloak {rPois}
rCorr    +         Harm     .   D - +2 pair of gloves
MR       .....                  S - +0 pair of boots
Stlth    ..........             C - amulet of guardian spirit
Regen    0.3/turn               f - ring of resist corrosion
MPRegen  0.2/turn               q - ring of ice

@: no status effects
A: horns 1, deterioration 1
a: Smiting, Recall Orcish Followers, Renounce Religion, Evoke Blink


You were on level 4 of the Lair of Beasts.
You worshipped Beogh.
Beogh was greatly pleased with you.
You were hungry.

You visited 3 branches of the dungeon, and saw 16 of its levels.

You collected 1108 gold pieces.
You spent 454 gold pieces at shops.

Inventory:

Hand Weapons
 k - the +10 great sword of the Hand (weapon) {flame, rN+ Dex+3}
   (You found it on level 10 of the Dungeon)

   It has been specially enchanted to burn those struck by it, causing extra
   injury to most foes and up to half again as much damage against particularly
   susceptible opponents.
   Big, fiery blades are also staple armaments of hydra-hunters.
   It affects your dexterity (+3).
   It protects you from negative energy.
 W - a +1 hand axe of electrocution
Missiles
 c - 437 stones (quivered)
Armour
 D - a +2 pair of gloves (worn)
 M - a +1 plate armour (worn)
 Q - a +2 cloak of poison resistance (worn)
 S - a +0 pair of boots (worn)
 T - the +4 hat of the Mackerel (worn) {+Blink rElec rC- Dex-2}
   (You bought it in a shop on level 9 of the Dungeon)

   It affects your dexterity (-2).
   It makes you vulnerable to cold.
   It insulates you from electricity.
   It lets you blink.
Jewellery
 a - an uncursed ring of flight
 f - a ring of resist corrosion (left hand)
 q - a ring of ice (right hand)
 t - an uncursed ring of fire
 C - an amulet of guardian spirit (around neck)
 K - an uncursed ring of positive energy
 U - an uncursed ring of poison resistance
Wands
 h - a wand of lightning (10/15)
 y - a wand of acid (8/15)
 E - a wand of flame (35/48)
 H - a wand of acid (4/15)
 Z - a wand of paralysis (15/24)
Scrolls
 e - 4 scrolls of amnesia
 i - 4 scrolls of enchant weapon
 j - a scroll of immolation
 m - 2 scrolls of enchant armour
 o - 9 scrolls of teleportation
 r - 2 scrolls of fear
 s - 5 scrolls of identify
 w - 4 scrolls of remove curse
 x - 2 scrolls of blinking
 G - a scroll of recharging
 I - a scroll of vulnerability {unknown}
 R - a scroll of summoning {unknown}
 V - a scroll of silence {unknown}
Potions
 d - 2 potions of agility
 g - a potion of curing
 n - 4 potions of heal wounds
 p - 3 potions of brilliance
 v - a potion of magic {unknown}
 A - 3 potions of cancellation
 B - 3 potions of ambrosia
 F - 2 potions of lignification
 L - a potion of berserk rage
 N - 2 potions of flight {unknown}
 P - a potion of haste
Books
 O - a book of Flames

   Spells                             Type                      Level
   a - Flame Tongue                   Conjuration/Fire             1
   b - Throw Flame                    Conjuration/Fire             2
   c - Conjure Flame                  Conjuration/Fire             3
   d - Inner Flame                    Hexes/Fire                   3
   e - Sticky Flame                   Conjuration/Fire             4
   f - Fireball                       Conjuration/Fire             5
Comestibles
 b - 12 bread rations
 l - 8 royal jellies
 u - 17 chunks of flesh
 z - 32 fruits
 J - 7 meat rations


   Skills:
 + Level 7.1 Fighting
 + Level 13.8 Long Blades
 - Level 13.1 Axes
 + Level 5.3 Armour
 - Level 4.8 Dodging
 - Level 3.3 Stealth
 + Level 9.3 Invocations


You had 11 spell levels left.
You didn't know any spells.

Dungeon Overview and Level Annotations

Branches:
Dungeon (11/15)            Temple (1/1) D:4            Lair (4/6) D:10
 Shoals (0/4) Lair:3        Snake (0/4) Lair:2          Orc (0/2) D:9

Altars:
Fedhas
Hepliaklqana
Kikubaaqudgha
Nemelex Xobeh
Ru
Sif Muna
Yredelemnul
Beogh

Shops:
D:5 **((!   D:8 *   D:9 [

Annotations:
D:3 nht's ghost, amateur OgSk
D:9 nikopol's ghost, journeyman DEFE


Innate Abilities, Weirdness & Mutations

You have a pair of small horns on your head.
Your body sometimes deteriorates upon taking damage.


Message History

The ice dragon claws you but does no damage.
The ice dragon tramples you.
You stumble backwards!
Your orc warrior hits the ice dragon with a club.
Orkwin hits the ice dragon but does no damage.
You hit the ice dragon but do no damage.
The ice dragon is severely wounded.
The ice dragon breathes frost at you. The blast of cold hits you!
* * * LOW HITPOINT WARNING * * *
Your orc warrior splashes around in the water.
Your orc warrior hits the ice dragon from afar with a trident.
Orkwin barely misses the ice dragon.
Orkwin hits the white imp with a hand axe.
The white imp hits Orkwin.
The white imp freezes Orkwin.
A white imp comes into view.
You slash the ice dragon! You burn the ice dragon.
The ice dragon is severely wounded.
The ice dragon breathes frost at you. The blast of cold hits you!
You die...

#..##...≈#
####.#.##..≈# ?.
#.#.#..#..≈≈##≈.
##.####...≈≈≈5#
#o#..##..o≈≈≈######≈
####.#..≈≈≈≈≈≈≈...≈≈
##....≈≈o5≈....≈≈
#P....≈ooD5.⌠..≈≈
#........@.......
##.P.#####......≈
#...# ....### #...#
.P....# #P...#
###..## #P...# ..#
##.... ... #...## ..


You could see an ice dragon, 3 white imps, 3 friendly orc warriors and the
friendly Orkwin the orc priest.

Vanquished Creatures
  Fannar (Lair:1)
  A two-headed ogre (D:8)
  3 spiny frogs
  2 komodo dragons
  A rime drake (Lair:4)
  3 blink frogs
  3 hippogriffs
  Sigmund (D:3)
  7 yaks
  2 wyverns
  A human (D:7)
  4 hogs (D:7)
  A basilisk (Lair:2)
  A naga (Lair:2)
  Menkaure (D:6)
  2 wargs (D:10)
  4 water moccasins
  7 porcupines
  2 sky beasts
  2 black bears
  3 orc warriors
  6 ogres
  18 wolves
  A phantom (D:7)
  4 centaurs
  3 crocodiles
  3 bullfrogs
  2 scorpions
  3 killer bees (D:10)
  A howler monkey (D:8)
  A lava snake (D:7)
  A centaur zombie (D:8)
  A jelly (D:6)
  13 orc wizards
  2 bullfrog skeletons
  6 hounds
  4 orc priests
  Jessica (D:3)
  Ijyb (D:3)
  An iguana (D:10)
  4 worker ants
  2 hound zombies
  3 gnolls (D:4)
  11 adders
  3 shadow imps
  An adder skeleton (D:4)
  A worm (D:2)
  5 dart slugs
  4 leopard geckos
  28 orcs
  6 bats
  6 giant cockroaches
  10 goblins
  10 hobgoblins
  6 jackals
  4 quokkas
  4 frilled lizards
  11 kobolds
  A leopard gecko zombie (D:5)
  A quokka skeleton (D:6)
245 creatures vanquished.

Vanquished Creatures (collateral kills)
  2 hydras (Lair:3)
  A manticore (Lair:3)
  Maurice (D:10)
  A spiny frog (Lair:1)
  A centaur skeleton (D:10)
  A komodo dragon (Lair:1)
  A hippogriff (D:10)
  5 blink frogs
  A basilisk (Lair:4)
  A warg (D:10)
  A porcupine (Lair:1)
  A sky beast (D:10)
  2 wolves (Lair:4)
  A crocodile (Lair:1)
  A bullfrog (Lair:3)
  A scorpion (D:9)
  A jelly (D:9)
  2 orc wizards
  An adder (D:9)
  3 orcs
  2 jackals (D:10)
31 creatures vanquished.

Vanquished Creatures (others)
  An orc knight (Lair:1)
  An orc warrior (Lair:1)
  An orc wizard (D:9)
  3 orc priests
  16 orcs
  4 fungi
  4 plants
30 creatures vanquished.

Grand Total: 306 creatures vanquished

Notes
Turn   | Place    | Note
-------+----------+-------------------------------------------
     0 | D:1      | Lochraine the Hill Orc Monk began the quest for the Orb.
     0 | D:1      | Reached XP level 1. HP: 22/22 MP: 1/1
   566 | D:1      | Reached XP level 2. HP: 27/28 MP: 2/2
   588 | D:1      | Reached skill level 1 in Armour
   686 | D:1      | Reached skill level 5 in Fighting
   771 | D:1      | Reached XP level 3. HP: 31/36 MP: 3/3
  1392 | D:2      | Reached XP level 4. HP: 42/42 MP: 4/4
  2614 | D:3      | Noticed nht's ghost (amateur OgSk)
  2695 | D:3      | Noticed Ijyb
  2764 | D:3      | Reached XP level 5. HP: 49/49 MP: 5/5
  2778 | D:3      | Found a blossoming altar of Fedhas.
  2820 | D:3      | Noticed Sigmund
  2837 | D:3      | Gained mutation: Your body sometimes deteriorates upon taking damage. [potion of mutation]
  2837 | D:3      | Gained mutation: You have a pair of small horns on your head. [potion of mutation]
  2852 | D:3      | Killed Sigmund
  2852 | D:3      | Reached XP level 6. HP: 35/58 MP: 6/6
  2980 | D:3      | Noticed Jessica
  2994 | D:3      | Found a blossoming altar of Fedhas.
  2995 | D:3      | Found a sacrificial altar of Ru.
  3006 | D:3      | Killed Ijyb
  3299 | D:3      | Killed Jessica
  3375 | D:4      | Became a worshipper of Beogh the Brigand
  3375 | D:4      | Reached * piety under Beogh
  3375 | D:4      | Reached ** piety under Beogh
  3600 | D:4      | Reached skill level 1 in Axes
  3768 | D:4      | Reached XP level 7. HP: 42/64 MP: 7/7
  4025 | D:4      | Found a staircase to the Ecumenical Temple.
  4034 | Temple   | Entered the Ecumenical Temple
  4316 | D:5      | Entered Level 5 of the Dungeon
  4442 | D:5      | Found a sparkling altar of Nemelex Xobeh.
  4465 | D:5      | Found Xutaf's Distillery.
  4468 | D:5      | Bought a potion of heal wounds for 60 gold pieces
  4468 | D:5      | Bought a potion of heal wounds for 60 gold pieces
  4468 | D:5      | Bought a potion of heal wounds for 60 gold pieces
  4533 | D:5      | Found Zaits's Weapon Emporium.
  4536 | D:5      | Found Bolu's Assorted Antiques.
  4537 | D:5      | Found Gafely's Antique Weapon Emporium.
  4538 | D:5      | Found Lestrismo's Assorted Antiques.
  5265 | D:5      | Reached skill level 1 in Invocations
  5797 | D:6      | Reached skill level 5 in Axes
  5797 | D:6      | Reached skill level 5 in Armour
  5797 | D:6      | Reached XP level 8. HP: 52/73 MP: 9/9
  5851 | D:6      | Noticed Menkaure
  5860 | D:6      | Killed Menkaure
  6681 | D:7      | Found an ancient bone altar of Kikubaaqudgha.
  6690 | D:7      | Reached skill level 5 in Invocations
  6912 | D:7      | Reached XP level 9. HP: 39/79 MP: 11/13
  6921 | D:7      | Reached skill level 10 in Axes
  7586 | D:8      | Noticed a two-headed ogre
  7786 | D:8      | Killed a two-headed ogre
  7786 | D:8      | Reached XP level 10. HP: 85/86 MP: 14/16
  8223 | D:8      | Reached *** piety under Beogh
  8406 | D:8      | Found Xagufof's Assorted Antiques.
  8414 | D:8      | Bought a scroll labeled SOIGASYSUS for 29 gold pieces
  8414 | D:8      | Bought a scroll labeled GUTOUCY IHITZO for 29 gold pieces
  8601 | D:9      | Found a staircase to the Orcish Mines.
  8679 | D:9      | Found a roughly hewn altar of Beogh.
  8883 | D:9      | Found a deep blue altar of Sif Muna.
  8883 | D:9      | Noticed nikopol's ghost (journeyman DEFE)
  8886 | D:9      | Found a hazy altar of Hepliaklqana.
  8930 | D:9      | Found a basalt altar of Yredelemnul.
  8955 | D:9      | Found Asoheam's Antique Armour Shop.
  8975 | D:9      | Bought a twisted hat for 216 gold pieces
  8985 | D:9      | Identified the +4 hat of the Mackerel {+Blink rElec rC- Dex-2} (You bought it in a shop on level 9 of the Dungeon)
  9145 | D:10     | Entered Level 10 of the Dungeon
  9151 | D:10     | Got an ebony great sword
  9152 | D:10     | Identified the +10 great sword of the Hand {flame, rN+ Dex+3} (You found it on level 10 of the Dungeon)
  9175 | D:10     | Reached skill level 1 in Long Blades
  9248 | D:10     | Found a staircase to the Lair.
  9443 | D:10     | Noticed Maurice
  9448 | D:10     | Reached **** piety under Beogh
  9455 | D:10     | Killed Maurice
  9455 | D:10     | Reached skill level 5 in Long Blades
  9971 | Lair:1   | Entered Level 1 of the Lair of Beasts
 10104 | Lair:1   | Reached XP level 11. HP: 81/92 MP: 17/17
 10408 | Lair:1   | Noticed Fannar
 10418 | Lair:1   | Killed Fannar
 10955 | Lair:1   | Reached skill level 10 in Long Blades
 11046 | Lair:2   | Found a staircase to the Snake Pit.
 11174 | Lair:2   | Identified the Volume of Doomed Arcane Weapons
 11897 | Lair:3   | Noticed a five-headed hydra
 11898 | Lair:3   | Killed a four-headed hydra
 11933 | Lair:3   | Noticed a manticore
 11936 | Lair:3   | Found a staircase to the Shoals.
 11941 | Lair:3   | Killed a manticore
 11941 | Lair:3   | Reached XP level 12. HP: 71/100 MP: 15/18
 12261 | Lair:3   | Noticed a seven-headed hydra
 12265 | Lair:3   | Killed a four-headed hydra
 12591 | Lair:4   | Gained Orkwin as an ally
 12788 | Lair:4   | Noticed an ice dragon
 12799 | Lair:4   | Killed from afar by an ice dragon

Vault maps used:
D:1:      shiori_arrival_maze
D:2:      grunt_ministairs_11
D:3:      gammafunk_temple_overflow_statue, fedhas_altar_fruit_tree,
          uniq_jessica, uniq_iyjb, uniq_sigmund
D:4:      minmay_temple_entry_grid, serial_forest, infiniplex_forest_side_room,
          infiniplex_forest_lined_3, infiniplex_forest_clump_medium,
          infiniplex_forest_clump_double, infiniplex_forest_split,
          infiniplex_forest_lined_1, infiniplex_forest_end_2,
          infiniplex_forest_corner_1
D:5:      nemelex_xobeh_ov_fountains_minmay, first_bread, serial_shops,
          kennysheep_mini_moat, minmay_shop_grid_forest
D:6:      uniq_menkaure
D:7:      lemuel_crystal_altar, grunt_livestock, kennysheep_boxes
D:8:      serial_shops, shop, grunt_ministairs_9, dk_vineyard_2
D:9:      lemuel_round_altar, nicolae_overflow_hidden_temple,
          minmay_orc_entry_temple_small, serial_shops, shop
D:10:     erik_lair_orcish_takeover, uniq_maurice
D:11:     bloody_trog, uniq_josephine
Temple:   minmay_temple_curvy_branch
Lair:1:   infiniplex_staircase_pool, uniq_fannar
Lair:2:   guppyfry_snake_entry_garden
Lair:3:   minmay_shoals_entry_beasts, grunt_megastairs_5, lemuel_fruit_tree,
          serial_bayou_shore_a, serial_bayou_shore_b
Lair:4:   minmay_lair_venomous_thicket, st_stairs_3, bobbens_ice_dragon_lair

Skill      XL: |  1  2  3  4  5  6  7  8  9 10 11 12 |
---------------+-------------------------------------+-----
Armour         | 1 2 3 4 5 |  5.3
Fighting       | 5 6 7 |  7.1
Dodging        | 4 |  4.8
Axes           | 1 5 8 11 13 | 13.1
Invocations    | 2 5 8 9 |  9.3
Long Blades    | 7 12 13 | 13.8
Stealth        | |  3.3

Action                   |  1- 3 |  4- 6 |  7- 9 | 10-12 || total
-------------------------+-------+-------+-------+-------++-------
Melee: Short sword       |    18 |       |       |       ||    18
       Unarmed           |     5 |       |       |       ||     5
       Dagger            |    82 |   173 |    50 |       ||   305
       Headbutt          |       |     8 |    56 |    82 ||   146
       War axe           |       |       |   209 |   202 ||   411
       Hand axe          |       |       |       |    33 ||    33
       Great sword       |       |       |       |   159 ||   159
Throw: Stone             |    15 |       |       |       ||    15
Invok: Convert to Beogh  |       |     1 |       |       ||     1
       Smiting           |       |       |     6 |     2 ||     8
Evoke: Wand              |       |     6 |     4 |       ||    10
  Use: Scroll            |       |     7 |     5 |    14 ||    26
       Potion            |       |     3 |     3 |     2 ||     8
 Stab: Sleeping          |     1 |     1 |       |       ||     2
       Distracted        |       |       |       |     3 ||     3
  Eat: Chunk             |     2 |     6 |    10 |    16 ||    34
       Royal jelly       |       |       |     2 |       ||     2
Armor: Robe              |     4 |       |       |       ||     4
       Leather armour    |    27 |    30 |       |       ||    57
       Scale mail        |       |    30 |    30 |       ||    60
       Plate armour      |       |       |   155 |   352 ||   507
Dodge: Dodged            |    74 |   126 |   122 |   161 ||   483
       Rpst.: Great sword |       |       |       |    32 ||    32
